 Dungeon Crawl Stone Soup version 0.16-a0-1009-g0339a9e (webtiles) character file.

154 Ratboiler the Scratcher (level 5, 0/22 HPs)
             Began as a Felid Transmuter on Oct 3, 2014.
             Slain by a hound (5 damage)
             ... on Level 4 of the Dungeon.
             The game lasted 00:11:22 (4826 turns).

Ratboiler the Scratcher (Felid Transmuter)          Turns: 4826, Time: 00:11:23

HP   0/22        AC  1     Str  6      XL: 5   Next: 13%
MP   8/12        EV 18     Int 15      God:
Gold 157         SH  0     Dex 17      Spells:  3 memorised,  2 levels left
Lives: 0, deaths: 1

rFire  . . .     SeeInvis +       - Unarmed
rCold  . . .     Clarity  .     (armour unavailable)
rNeg   . . .     rCorr    .     (shield unavailable)
rPois  .         rRot     .     (helmet unavailable)
rElec  .         Spirit   .     (cloak unavailable)
SustAb .         Warding  .     (gloves unavailable)
rMut   .         Stasis   .     (boots unavailable)
Gourm  .                        (no amulet)
MR     .....                    (no ring)
                                (no ring)

@: quick, not resistant to hostile enchantments, unstealthy
A: paw claws, no armour, no weapons or thrown items, fangs 3, see invisible,
carnivore 3, speed 1, shaggy fur 1, slow metabolism 1, jump 1
a: Jump Attack


You were on level 4 of the Dungeon.
You were very full.

You visited 1 branch of the dungeon, and saw 4 of its levels.

You collected 157 gold pieces.

Inventory:

Missiles
 b - 22 arrows
Magical devices
 m - a wand of slowing (6)
Comestibles
 a - 3 meat rations
 p - a beef jerky
Scrolls
 e - 2 scrolls of random uselessness
 g - a scroll of teleportation
 h - a scroll of enchant armour
 q - a scroll of remove curse
Jewellery
 o - an uncursed ring of teleportation
Potions
 c - a potion of magic
 f - a potion of heal wounds
 i - a potion of decay {unknown}
 j - a potion of degeneration {unknown}
 k - a potion of haste {unknown}
 l - 4 potions of curing {unknown}
 n - a potion of confusion {unknown}
Books
 d - a book of Changes

   Spells                             Type                      Level
   *Beastly Appendage                 Transmutation                1
   *Sticks to Snakes                  Transmutation                2
   *Spider Form                       Transmutation/Poison         3
   Ice Form                           Ice/Transmutation            4
   Blade Hands                        Transmutation                5


   Skills:
 - Level 1.0 Fighting
 - Level 2.6 Dodging
 + Level 5.5 Unarmed Combat
 - Level 2.0 Spellcasting
 - Level 4.0 Transmutations


You had 2 spell levels left.
You knew the following spells:

 Your Spells              Type           Power        Failure   Level  Hunger
a - Beastly Appendage     Trmt           ##....       4%          1    #......
b - Sticks to Snakes      Trmt           ##........   8%          2    ###....
c - Spider Form           Trmt/Pois      #.........   30%         3    ####...


Dungeon Overview and Level Annotations

Branches:
Dungeon (4/15)
 Temple: D:4-7

Altars:
Elyvilon
Fedhas
Makhleb
Ru
Yredelemnul
The Shining One

Shops:
D:4 [

Annotations:
D:4 haldagan's ghost, average DEAE


Innate Abilities, Weirdness & Mutations

You cannot wear armour.
You are incapable of wielding weapons or throwing items.
Your paws have sharp claws.
You have razor-sharp teeth.
You have supernaturally acute eyesight.
You are carnivorous and can eat meat at any time.
You cover ground quickly.
You are covered in fur (AC +1).
You have a slow metabolism.
You can jump attack at a short distance.


Message History

Found a scroll of teleportation.
A hound comes into view.
The hound barks!
Haldagan's ghost gestures at you while chanting.
The zap hits you!
Ouch! That really hurt!
The hound barely misses you.
You closely miss the ball python. The ball python bites you.
The ball python misses you. The hound closely misses you.
A rat comes into view.
The ball python completely misses you. x2
The hound completely misses you. The hound closely misses you.
A rat comes into view.
The rat bites you.
* * * LOW HITPOINT WARNING * * *
The rat bites you.
* * * LOW HITPOINT WARNING * * *
The hound bites you.
You die...

. .# #.. #..
#..# ##. #..#
. #.. #..# .#
.# ##..#
#.##.# ###@r#
##..## #..h##
###....# #..##
##...#... #.S#
######........
#..#
#....#......W.
.. ##O# ##
#.#......$
#... #.W#
#.##.##.....#
#...##..#
#..........#
#...?.g##
#..#........


You could see an ogre, a hound, haldagan's ghost, a hobgoblin, a ball python and
a rat.

Vanquished Creatures
  An orc wizard (D:4)
  A worker ant (D:4)
  4 adders
  2 worms
  A giant gecko (D:1)
  6 orcs
  14 bats
  4 giant cockroaches
  10 goblins
  8 hobgoblins
  10 jackals (D:1)
  6 kobolds
  A quokka (D:2)
  8 rats
  3 toadstools (D:1)
79 creatures vanquished.

Vanquished Creatures (collateral kills)
  An orc wizard (D:3)
  2 worms (D:2)
  3 orcs
6 creatures vanquished.

Vanquished Creatures (others)
  A toadstool (D:1)
1 creature vanquished.

Grand Total: 86 creatures vanquished

Notes
Turn   | Place    | Note
--------------------------------------------------------------
     0 | D:1      | Ratboiler, the Felid Transmuter, began the quest for the Orb.
     0 | D:1      | Reached XP level 1. HP: 9/9 MP: 4/4
   322 | D:1      | Reached XP level 2. HP: 10/12 MP: 3/5
   326 | D:1      | Learned a level 2 spell: Sticks to Snakes
   974 | D:1      | Reached skill level 4 in Unarmed Combat
  1358 | D:1      | Reached XP level 3. HP: 15/15 MP: 6/8
  2800 | D:2      | Reached XP level 4. HP: 19/19 MP: 10/10
  2805 | D:2      | Learned a level 3 spell: Spider Form
  2943 | D:2      | Reached skill level 5 in Unarmed Combat
  3331 | D:3      | Slain by a worm
  3332 | D:3      | Reached XP level 3. HP: -1/15 MP: 8/8
  3333 | D:3      | Found a blossoming altar of Fedhas.
  3336 | D:3      | Found a sacrificial altar of Ru.
  3337 | D:3      | Found a glowing golden altar of the Shining One.
  3344 | D:3      | Found a basalt altar of Yredelemnul.
  3344 | D:3      | Found a burning altar of Makhleb.
  3457 | D:3      | Found a white marble altar of Elyvilon.
  3736 | D:3      | Reached XP level 4. HP: 8/19 MP: 3/10
  4742 | D:4      | Found Girolue's Antique Armour Shoppe.
  4757 | D:4      | Reached XP level 5. HP: 22/22 MP: 0/12
  4793 | D:4      | Noticed haldagan's ghost (average DEAE)
  4794 | D:4      | Noticed an ogre
  4826 | D:4      | Slain by a hound

Action                   |  1- 3 |  4- 6 || total
-------------------------+-------+-------++-------
Melee: Unarmed           |   147 |    67 ||   214
 Cast: Beastly Appendage |    21 |    12 ||    33
       Sticks to Snakes  |    11 |    10 ||    21
       Spider Form       |       |     1 ||     1
Evoke: Wand              |       |     1 ||     1
  Use: Scroll            |     7 |       ||     7
 Stab: Sleeping          |     4 |     1 ||     5
       Distracted        |     1 |       ||     1
  Eat: Chunk             |    13 |     8 ||    21
